 Dungeon Crawl Stone Soup version 0.27.1 (webtiles) character file.

Game seed: 11062658944759827211

45 Gwenloh the Skirmisher (level 3, -4/40 HPs)
             Began as an Ogre Berserker on Aug 24, 2021.
             Was a Believer of Trog.
             Slain by a worm (6 damage)
             ... on level 2 of the Dungeon.
             The game lasted 00:03:22 (1435 turns).

Gwenloh the Skirmisher (Ogre Berserker)             Turns: 1435, Time: 00:03:23

Health: -4/40      AC:  3    Str: 21    XL:     3   Next: 64%
Magic:  3/3        EV: 10    Int:  8    God:    Trog [**....]
Gold:   86         SH:  0    Dex:  9    Spells: 2/2 levels left

rFire    . . .     SeeInvis .   a - +0 mace
rCold    . . .     Faith    .   (no shield)
rNeg     . . .     Spirit   .   b - +0 animal skin
rPois    .         Reflect  .   (helmet restricted)
rElec    .         Harm     .   (no cloak)
rCorr    .         Rampage  .   (gloves unavailable)
Will     .....                  (boots unavailable)
Stlth    +.........             (no amulet)
HPRegen  0.13/turn              (no ring)
MPRegen  0.08/turn              (no ring)

@: on berserk cooldown, slowed, very slow
A: large, unfitting armour, tough skin 1
a: Renounce Religion, Berserk, Trog's Hand


You were on level 2 of the Dungeon.
You worshipped Trog.
Trog was pleased with you.
You visited 1 branch of the dungeon, and saw 2 of its levels.

You collected 86 gold pieces.

Inventory:

Hand Weapons
 a - a +0 mace (weapon)
Missiles
 c - 85 stones (quivered)
 e - 6 boomerangs
 f - 18 poisoned darts
Armour
 b - a +0 animal skin (worn)
Scrolls
 d - 3 scrolls of blinking {unknown}
 i - a scroll of summoning {unknown}
Potions
 g - a potion of might {unknown}
 h - a potion of curing {unknown}


   Skills:
 + Level 4.4 Fighting
 * Level 3.3 Maces & Flails
 * Level 1.9 Throwing
 - Level 2.6 Dodging


You had 2 spell levels left.
You didn't know any spells.
Your spell library was empty.

Dungeon Overview and Level Annotations

Branches:
Dungeon (2/15)

Altars:

Shops:
D:1 *


Innate Abilities, Weirdness & Mutations

You are too large for most types of armour.
You have tough skin. (AC +1)


Message History

You hit the hobgoblin.
You kill the hobgoblin!
Trog accepts your kill.
You can now call upon Trog for regeneration and willpower.
You closely miss the ball python.
The ball python bites you but does no damage.
You closely miss the ball python.
The ball python bites you but does no damage.
You barely miss the ball python. The ball python bites you.
You barely miss the ball python. The ball python bites you.
You barely miss the ball python.
The ball python bites you but does no damage.
You hit the ball python.
You kill the ball python!
Trog accepts your kill. The worm bites you.
Things that are here:
a ball python corpse; a hobgoblin corpse You barely miss the worm.
The worm is lightly wounded.
You hit the worm.
The worm is moderately wounded.
You are no longer berserk.
You are exhausted.
You feel yourself slow down.
You hit the worm but do no damage.
The worm is moderately wounded.
The worm bites you. The worm closely misses you.
You hit the worm but do no damage.
The worm is lightly wounded.
The worm bites you!
* * * LOW HITPOINT WARNING * * *
You hit the worm but do no damage.
The worm is lightly wounded.
The worm bites you!
* * * LOW HITPOINT WARNING * * *
You sock the worm!
The worm is heavily wounded.
The worm bites you.
You die...

#.#####.#####..........#
# #.# ##...#####.# #.#
#.# ##### #.# ..#
#.######### #.#
#######.....>.... #.#
#........######### #.#
..#####.#........# #.#
#.#####.#.######.# #.#
##......#.# ####@# #.#
#.#######.#
#...w#.###†######## ..
#.# #.................##
#.
#......................#
#.
#.#........###.######..#
#○ #.#?.#.#.###
#.........# #§ #..#.#<#
########..# #. #. #?#.#
#..# .. .. .# #..#


You could see a worm.

Vanquished Creatures
  2 worms (D:2)
  3 dart slugs
  4 endoplasms (D:1)
  3 giant cockroaches
  5 goblins
  2 hobgoblins (D:2)
  4 ball pythons
  4 bats
  2 kobolds
  5 rats (D:1)
34 creatures vanquished.

Vanquished Creatures (others)
  A kobold (D:2)
1 creature vanquished.

Grand Total: 35 creatures vanquished

Notes
Turn   | Place    | Note
-------+----------+-------------------------------------------
     0 | D:1      | Gwenloh the Ogre Berserker began the quest for the Orb.
     0 | D:1      | Reached XP level 1. HP: 24/24 MP: 1/1
   127 | D:1      | Reached XP level 2. HP: 31/32 MP: 2/2
   241 | D:1      | Reached skill level 1 in Throwing
   647 | D:1      | Found Naugga's General Store.
   670 | D:1      | Reached XP level 3. HP: 36/39 MP: 3/3
  1422 | D:2      | Reached ** piety under Trog
  1434 | D:2      | HP: 1/40 [worm (9)]
  1435 | D:2      | Slain by a worm

Illustrated notes

Levels and vault maps discovered:
D:1:      ncdulo_watergridlock, layout_basic, serial_shops,
          nicolae_diamond_shop, chequers_decorated_corner, minmay_pentomino_p2
D:2:      layout_loops_ring, lemuel_flame_loot_1

Skill      XL: |  1  2 |
---------------+-------+-----
Throwing       | 1 |  1.9
Maces & Flails | 3 |  3.3
Fighting       | |  4.4
Dodging        | |  2.6

Action                   || total
-------------------------++-------
Melee: Mace              ||    93
Throw: Stone             ||    31
Invok: Berserk           ||     1
Armor: Animal skin       ||    26
Dodge: Dodged            ||    47
